 Dungeon Crawl Stone Soup version 0.31-a0-1009-g454b1f1e0a (webtiles) character file.

Game seed: 13736524907762631668

13 Essalna the Digger (level 2, 0/16 HPs)
             Began as a Gargoyle Earth Elementalist on Oct 18, 2023.
             Slain by a rat (1 damage)
             ... on level 1 of the Dungeon on Nov 14, 2023.
             The game lasted 00:01:14 (361 turns).

Essalna the Digger (Gargoyle Earth Elementalist)     Turns: 361, Time: 00:01:15

Health: 0/16       AC:  4    Str: 11    XL:     2   Next: 37%
Magic:  5/5        EV: 11    Int: 15    God:
Gold:   13         SH:  0    Dex: 10    Spells: 4/5 levels left

rFire   . . .        (no weapon)
rCold   . . .        (no shield)
rNeg    + . .        a - +0 robe
rPois   ∞            (no helmet)
rElec   +            (no cloak)
rCorr   .            (no gloves)
SInv    .            (no boots)
Will    .....        (no amulet)
Stlth   ++           (no ring)
HPRegen 0.22/turn    (no ring)
MPRegen 0.09/turn

%: no passive effects
@: no status effects
A: sickness immunity, AC +2, negative energy resistance 1, electricity
resistance, torment resistance 1, petrification resistance
a: no special abilities


You were on level 1 of the Dungeon.
You visited 1 branch of the dungeon, and saw 1 of its levels.

You collected 13 gold pieces.

Inventory:

Armour
 a - a +0 robe (worn)
Scrolls
 e - a scroll of brand weapon {unknown}
Potions
 b - a potion of magic
 c - a potion of invisibility {unknown}
 d - 2 potions of heal wounds {unknown}


   Skills:
 + Level 1.4 Fighting
 - Level 1.5 Dodging
 - Level 2.1 Stealth
 - Level 2.0 Spellcasting
 - Level 0.7 Transmutations
 + Level 4.1 Earth Magic


You had 4 spell levels left.
You knew the following spells:

 Your Spells              Type           Power      Damage    Failure   Level
a - Sandblast             Erth           26%        2d8       4%          1

Your spell library contained the following spells:

 Spells                   Type           Power      Damage    Failure   Level
 Passwall                 Tmut/Erth      6%         N/A       12%         2
 Stone Arrow              Conj/Erth      14%        3d7       28%         3
 Petrify                  Tmut/Erth      8%         N/A       63%         4
 Brom's Barrelling Bould  Conj/Erth      7%         2d3       67%         4


Dungeon Overview and Level Annotations

Branches:
Dungeon (1/15)

Altars:


Innate Abilities, Weirdness & Mutations

You are immune to sickness and miasma.
Your stone body is resilient. (AC +2)
You are immune to poison.
You resist negative energy. (rN+)
You are resistant to electric shocks. (rElec)
You are resistant to unholy torment.
You are immune to petrification.


Message History

The quokka bites you but does no damage.
The rat barely misses you. The giant cockroach barely misses you.
The quokka bites you but does no damage.
The giant cockroach bites you. The quokka misses you.
The rat barely misses you. The giant cockroach barely misses you.
The quokka barely misses you. The rat bites you but does no damage.
The giant cockroach bites you but does no damage.
The quokka bites you. The rat bites you.
The giant cockroach bites you but does no damage.
The quokka barely misses you. The rat bites you. The giant cockroach bites you.
The quokka bites you but does no damage.
The rat closely misses you. The giant cockroach bites you.
The quokka bites you.
The giant cockroach bites you but does no damage.
The rat barely misses you. The quokka bites you.
* * * LOW HITPOINT WARNING * * *
The giant cockroach closely misses you. The quokka misses you.
The rat bites you but does no damage.
The giant cockroach waves its antennae.
The giant cockroach bites you but does no damage.
The quokka bites you but does no damage.
The rat barely misses you.
The giant cockroach bites you but does no damage.
The quokka bites you but does no damage.
The rat barely misses you. The giant cockroach bites you.
* * * LOW HITPOINT WARNING * * *
The quokka barely misses you. The rat barely misses you.
The giant cockroach closely misses you. The quokka closely misses you.
The giant cockroach bites you but does no damage.
The quokka bites you.
* * * LOW HITPOINT WARNING * * *
The rat bites you but does no damage.
The giant cockroach bites you but does no damage.
The quokka bites you but does no damage.
The rat bites you.
You die...

#.# #.# #.#.##.#.
#######.###.#######.#......
#.........>................
#.#####.##..###..........##
#.# #.##..# #.###.######
#.# #.##..###.###.#
#.#####.##........#.#
#...!...##B.......#.#######
##########@r......#........
#r.......#........
#..###... ........ #..# ###
........ #..# ........ #..#
........ #..# ........ #..#
........ ........


You could see a quokka, a giant cockroach and a rat.

Vanquished Creatures
  2 dart slugs (D:1)
  2 bats (D:1)
  An endoplasm (D:1)
  A giant cockroach (D:1)
  A hobgoblin (D:1)
  A frilled lizard (D:1)
8 creatures vanquished.

Notes
Turn   | Place    | Note
-------+----------+-------------------------------------------
     0 | D:1      | Essalna the Gargoyle Earth Elementalist began the quest for
                  | the Orb.
     0 | D:1      | Reached XP level 1. HP: 10/10 MP: 3/3
    42 | D:1      | Reached skill level 1 in Fighting
    42 | D:1      | Reached skill level 4 in Earth Magic
    42 | D:1      | Reached XP level 2. HP: 16/16 MP: 0/5
   215 | D:1      | Upgraded the game from 0.31-a0-924-ge39a22a033 to
                  | 0.31-a0-1009-g454b1f1e0a
   361 | D:1      | Slain by a rat

Illustrated notes

Levels and vault maps discovered:
D:1:      tarquinn_simple_flora_water_d, layout_basic,
          hellmonk_ecumenical_altar_pennies_from_heaven, minmay_pentomino_t4

Skill      XL: |  1 |
---------------+----+-----
Fighting       | 1 |  1.4
Earth Magic    | 4 |  4.1
Dodging        | |  1.5
Stealth        | |  2.1
Spellcasting   | |  2.0
Transmutations | |  0.7

Action                     || total
---------------------------++-------
   Cast: Sandblast         ||    10
 Armour: Robe              ||    90
  Dodge: Dodged            ||    79

Table legend: (Time is in decaauts)
 A = Elapsed time spent in this place.
 B = Non-inter-level travel time spent in this place.
 C = Inter-level travel time spent in this place.
 D = Time resting spent in this place.
 E = Time spent auto-exploring this place.
 F = Levels seen in this place.
 G = Mean time per level.
                   A        B        C        D        E       F      G
               +--------+--------+--------+--------+--------+-----+--------+
         Total |    366 |    366 |      0 |      0 |    188 |   1 |  366.0 |
       Dungeon |    366 |    366 |      0 |      0 |    188 |   1 |  366.0 |
               +--------+--------+--------+--------+--------+-----+--------+

Top non-repeatable levels by time:
     D:1: 366 daAuts
